 Dungeon Crawl Stone Soup version 0.18-a0-316-gf882de5 (webtiles) character file.

31670 Raultor the Martial Artist (level 13, -4/92 HPs)
             Began as an Octopode Transmuter on Nov 27, 2015.
             Was a High Priest of Makhleb.
             Killed from afar by a starcursed mass (10 damage)
             ... with an accursed screaming
             ... while paralysed by accursed screaming
             ... on level 2 of the Abyss.
             The game lasted 00:52:36 (12741 turns).

Raultor the Martial Artist (Octopode Transmuter)   Turns: 12741, Time: 00:52:36

Health: -4/92      AC:  2    Str: 10    XL:     13   Next: 59%
Magic:  0/35       EV:  5    Int: 18    God:    Makhleb [*****.]
Gold:   891        SH:  0    Dex: 23    Spells: 4 memorised, 17 levels left

rFire  . . .     SeeInvis .       - Unarmed
rCold  . . .     Clarity  .     (shield currently unavailable)
rNeg   + . .     SustAt   .     (helmet currently unavailable)
rPois  x         Gourm    .     z - amulet of guardian spirit
rElec  .         Spirit   +     j - +2 ring of intelligence
rCorr  .         Warding  .     o - ring of magical power
rMut   .         Stasis   .     y - +2 ring of dexterity
MR     +....                    C - ring of positive energy
Stlth  ++........               u - +5 ring of evasion
                                T - +2 ring of evasion
                                (no ring)
                                (no ring)

@: paralysed, spider-form, somewhat resistant to hostile enchantments,
unstealthy
A: almost no armour, amphibious, 8 rings, (constrict 8), (camouflage 0), (fire
resistance 0), magic resistance 1, (gelatinous body 0), MP-powered wands
a: End Transformation, Minor Destruction, Lesser Servant of Makhleb, Major
Destruction, Greater Servant of Makhleb, Renounce Religion


You were on level 2 of the Abyss.
You worshipped Makhleb.
Makhleb was extremely pleased with you.
You were not hungry.
You were a venomous arachnid creature.
You visited 3 branches of the dungeon, and saw 14 of its levels.
You visited the Abyss 1 time.

You collected 929 gold pieces.
You spent 38 gold pieces at shops.

Inventory:

Hand Weapons
 E - the +9 dagger of the Vaults (melded) {pierce, rC+}
   (You found it on level 5 of the Dungeon)

   It inflicts extra damage upon your enemies.
   It protects you from cold.
Missiles
 Q - 14 tomahawks (quivered)
Jewellery
 j - a +2 ring of intelligence (left front leg)
 o - a ring of magical power (right front leg)
 u - a +5 ring of evasion (on tentacle)
 y - a +2 ring of dexterity (on tentacle)
 z - an amulet of guardian spirit (around neck)
 C - a ring of positive energy (on tentacle)
 D - an uncursed amulet of resist corrosion
 R - an uncursed ring of ice
 T - a +2 ring of evasion (on tentacle)
Wands
 d - a wand of cold (9)
 t - a wand of paralysis (16)
 F - a wand of disintegration (5)
 S - a wand of paralysis (10)
Scrolls
 f - 2 scrolls of immolation {unknown}
 g - 3 scrolls of blinking {unknown}
 i - 10 scrolls of remove curse {unknown}
 k - 3 scrolls of fog {unknown}
 m - 11 scrolls of identify {unknown}
 q - 2 scrolls of noise {unknown}
 x - a scroll of random uselessness {unknown}
 B - 4 scrolls of enchant armour {unknown}
 G - 4 scrolls of magic mapping {unknown}
 J - a scroll of teleportation {unknown}
 L - 3 scrolls of recharging {unknown}
 M - 2 scrolls of amnesia
 O - a scroll of silence {unknown}
 V - a scroll of enchant weapon {unknown}
 X - a scroll of fear {unknown}
Potions
 e - a potion of cancellation {unknown}
 h - 2 potions of heal wounds
 l - 2 potions of curing
 p - a potion of might {unknown}
 r - a potion of degeneration
 v - a potion of poison {unknown}
 A - 4 potions of lignification
 H - a potion of ambrosia {unknown}
 I - 3 potions of magic
 K - a potion of mutation
 P - a potion of brilliance
 U - 2 potions of haste {unknown}
Books
 a - a book of Alchemy

   Spells                             Type                      Level
   a - Sublimation of Blood           Necromancy                   2
   b - Ignite Poison                  Fire/Transmutation/Poison    3
   c - Alistair's Intoxication        Transmutation/Poison         4
   d - Condensation Shield            Ice                          4
   e - Petrify                        Transmutation/Earth          4
   f - Irradiate                      Conjuration/Transmutation    5
 b - a book of Changes

   Spells                             Type                      Level
   a - Beastly Appendage              Transmutation                1
   b - Sticks to Snakes               Transmutation                2
   c - Spider Form                    Transmutation/Poison         3
   d - Ice Form                       Ice/Transmutation            4
   e - Blade Hands                    Transmutation                5
 n - a book of Burglary

   Spells                             Type                      Level
   a - Swiftness                      Charms/Air                   2
   b - Passwall                       Transmutation/Earth          3
   c - Passage of Golubria            Translocation                4
   d - Lee's Rapid Deconstruction     Earth                        5
   e - Darkness                       Hexes                        6
   f - Invisibility                   Hexes                        6
Comestibles
 c - 8 bread rations
 s - 4 beef jerkies
 w - 8 meat rations
 N - 10 slices of pizza
 W - 5 chunks of flesh


   Skills:
 + Level 10.1 Fighting
 + Level 7.2 Dodging
 * Level 12.1 Unarmed Combat
 - Level 9.3 Spellcasting
 - Level 8.9 Transmutations
 - Level 5.3 Ice Magic
 * Level 5.5 Invocations


You had 17 spell levels left.
You knew the following spells:

 Your Spells              Type           Power        Failure   Level  Hunger
a - Beastly Appendage     Trmt           #####.       2%          1    None
b - Spider Form           Trmt/Pois      ###.......   14%         3    None
c - Ice Form              Ice/Trmt       ####....     17%         4    ###....
d - Blade Hands           Trmt           #####.....   21%         5    #####..


Dungeon Overview and Level Annotations

Branches:
Dungeon (12/15)            Temple (1/1) D:7            Lair (1/8) D:10
    Orc (0/4) D:9

Altars:
Ashenzari
Cheibriados
Dithmenos
Elyvilon
Fedhas
Gozag
Kikubaaqudgha
Makhleb
Nemelex Xobeh
Okawaru
Qazlal
Ru
Sif Muna
Trog
Vehumet
Xom
Yredelemnul
Zin
The Shining One

Shops:
D:6 *   D:8 %   D:10 [

Annotations:
D:12 kosy22's ghost, journeyman TrFi
Lair:1 Harold; Sonja


Innate Abilities, Weirdness & Mutations

You cannot wear most types of armour.
You are amphibious.
You can wear up to eight rings at the same time.
((You can use your tentacles to constrict eight enemies at once.))
((Your skin changes colour to match your surroundings (Stealth).))
((Your rubbery body absorbs attacks (AC +1).))
((Your flesh is heat resistant.))
You are resistant to hostile enchantments.
You expend magic power (3 MP) to strengthen your wands.


Message History

You suddenly lose the ability to move!
The starcursed mass barely misses you.
You can move again.
A cacophony of accursed wailing tears at your sanity!
* * * LOW HITPOINT WARNING * * *
A ynoxinul comes into view.
The ynoxinul bellows!
A starcursed mass splits.
The ynoxinul gestures.
There is an open door here.
A small abomination comes into view.
A chorus of shrieks assaults your mind.
* * * LOW HITPOINT WARNING * * *
The ynoxinul gestures.
The ynoxinul gestures.
A cacophony of accursed wailing tears at your sanity!
* * * LOW HITPOINT WARNING * * *
You suddenly lose the ability to move!
A cacophony of accursed wailing tears at your sanity!
You die...

#. ##### #.........# #
#. .# #.5...... # #.
#...# #.........# #
##...###35..... .#
#.##.....#X55......#
#..x...?.'X5.......#
###.#..X##... ....#
.#####...XX##........#
#...$..s...XXX...#####
##.##.##(..#.X..XX..#
#.. #...# .......# ##
##.##........#
#..#........#
####........# ..'....
...# ###.. .....#
#........#


You could see 9 starcursed masses, a small abomination (wandering) and 3
ufetubi.

Vanquished Creatures
  The ghost of zero the Severer, a novice MiBe of Trog (D:11)
  Urug (D:11)
  A skeletal warrior (D:9)
  Pikel (D:7)
  2 hill giants
  A necromancer (D:9)
  An ugly thing (D:11)
  A cyclops (D:11)
  Maurice (D:11)
  Joseph (D:8)
  A spiny frog (Lair:1)
  A komodo dragon (Lair:1)
  3 trolls
  3 shadows
  2 flying skulls (D:9)
  Eustachio (D:6)
  17 yaks
  2 hippogriffs
  A human (D:7)
  2 wyverns (D:10)
  2 deep elf magi
  A hungry ghost (D:10)
  A soldier ant (D:11)
  A steam dragon (D:6)
  3 water moccasins
  5 ice beasts
  3 sky beasts
  3 orc warriors
  A porcupine (D:10)
  2 necrophages (D:9)
  A wasp (D:11)
  3 ogres
  A black bear (D:10)
  3 slaves (D:7)
  7 centaurs
  2 phantoms (D:7)
  3 crocodiles
  8 giant frogs
  A wyvern zombie (D:9)
  A gnoll sergeant (D:9)
  18 killer bees
  6 scorpions
  13 wights
  2 centaur zombies (D:9)
  A giant frog zombie (D:9)
  A quasit (D:11)
  7 crimson imps
  7 orc priests
  4 hounds
  12 orc wizards
  4 centaur skeletons
  Terence (D:2)
  5 iguanas
  11 worker ants
  3 hell rats (D:10)
  3 killer bee zombies (D:9)
  4 sheep (D:7)
  A hound zombie (D:9)
  2 hound skeletons
  3 worker ant zombies (D:9)
  5 river rats
  7 gnolls
  11 adders
  4 shadow imps
  An ooze (D:4)
  3 adder zombies
  2 worms (D:2)
  3 adder skeletons
  3 giant geckos
  40 orcs
  7 bats
  3 giant cockroaches
  6 goblins
  10 hobgoblins
  15 jackals
  16 kobolds
  2 quokkas
  2 ball pythons
  8 giant newts
  A goblin zombie (D:5)
  A quokka skeleton (D:9)
  A quokka zombie (D:5)
  8 rats
  A bush (D:4)
364 creatures vanquished.

Vanquished Creatures (others)
  A plant (D:2)
1 creature vanquished.

Grand Total: 365 creatures vanquished

Notes
Turn   | Place    | Note
--------------------------------------------------------------
     0 | D:1      | Raultor the Octopode Transmuter began the quest for the Orb.
     0 | D:1      | Reached XP level 1. HP: 13/13 MP: 3/3
    86 | D:1      | Reached XP level 2. HP: 11/18 MP: 5/5
   403 | D:1      | Reached XP level 3. HP: 8/23 MP: 6/6
   450 | D:1      | Learned a level 3 spell: Spider Form
  1005 | D:2      | Reached skill level 4 in Transmutations
  1005 | D:2      | Reached XP level 4. HP: 17/28 MP: 7/7
  1048 | D:2      | Found a glowing silver altar of Zin.
  1752 | D:2      | Noticed Terence
  1884 | D:2      | Killed Terence
  1960 | D:2      | Reached skill level 5 in Transmutations
  2015 | D:2      | Reached XP level 5. HP: 27/33 MP: 8/8
  2021 | D:2      | Learned a level 4 spell: Ice Form
  2253 | D:3      | Reached skill level 1 in Ice Magic
  2428 | D:3      | Found a shadowy altar of Dithmenos.
  3238 | D:4      | Reached XP level 6. HP: 33/38 MP: 9/9
  3892 | D:5      | Entered Level 5 of the Dungeon
  3982 | D:4      | Reached XP level 7. HP: 38/43 MP: 10/10
  4335 | D:5      | Reached skill level 5 in Ice Magic
  4656 | D:5      | Got an ichor-stained dagger
  4657 | D:5      | Identified the +9 dagger of the Vaults {pierce, rC+} (You found it on level 5 of the Dungeon)
  5121 | D:6      | Reached skill level 6 in Transmutations
  5122 | D:6      | Noticed a steam dragon
  5133 | D:6      | Reached XP level 8. HP: 30/48 MP: 11/11
  5220 | D:6      | Reached skill level 5 in Unarmed Combat
  5376 | D:6      | Found Ocozoadd's General Store.
  5379 | D:6      | Bought a scroll of amnesia for 38 gold pieces
  5615 | D:6      | Reached skill level 7 in Transmutations
  5971 | D:6      | Noticed Eustachio
  6012 | D:6      | Killed Eustachio
  6388 | D:7      | Found a staircase to the Ecumenical Temple.
  6394 | D:7      | Reached XP level 9. HP: 29/53 MP: 9/12
  6404 | Temple   | Entered the Ecumenical Temple
  6450 | Temple   | Became a worshipper of Makhleb the Destroyer
  6622 | D:7      | Reached skill level 1 in Invocations
  7357 | D:7      | Reached * piety under Makhleb
  7497 | D:7      | Noticed Pikel
  7514 | D:7      | Killed Pikel
  7514 | D:7      | Reached skill level 8 in Unarmed Combat
  7617 | D:7      | Reached XP level 10. HP: 63/63 MP: 13/13
  7680 | D:8      | Noticed Joseph
  7691 | D:8      | Killed Joseph
  7825 | D:8      | Reached skill level 9 in Unarmed Combat
  8040 | D:8      | Found Omauppen's Food Emporium.
  8958 | D:8      | Reached XP level 11. HP: 70/70 MP: 23/24
  8959 | D:8      | Gained mutation: You are resistant to hostile enchantments. [potion of mutation]
  8959 | D:8      | Gained mutation: You expend magic power (3 MP) to strengthen your wands. [potion of mutation]
  8959 | D:8      | Gained mutation: Your flesh is heat resistant. [potion of mutation]
  8983 | D:8      | Reached XP level 12. HP: 75/87 MP: 25/25
  9022 | D:9      | Reached skill level 5 in Dodging
  9028 | D:9      | Reached ** piety under Makhleb
  9549 | D:9      | Reached skill level 10 in Unarmed Combat
  9607 | D:9      | Reached *** piety under Makhleb
  9758 | D:9      | Learned a level 5 spell: Blade Hands
 10014 | D:9      | Found a staircase to the Orcish Mines.
 10062 | D:9      | Reached **** piety under Makhleb
 10095 | D:9      | Reached XP level 13. HP: 74/92 MP: 24/26
 10513 | D:10     | Entered Level 10 of the Dungeon
 10664 | D:10     | You fall through a shaft for 2 floors!
 10664 | D:12     | Found a shadowy altar of Dithmenos.
 10755 | D:12     | Reached skill level 11 in Unarmed Combat
 10941 | D:12     | Noticed kosy22's ghost (journeyman TrFi)
 11007 | D:11     | Noticed Maurice
 11042 | D:11     | Killed Maurice
 11191 | D:11     | Reached ***** piety under Makhleb
 11334 | D:11     | Noticed zero's ghost (novice MiBe)
 11355 | D:11     | Killed zero's ghost
 11567 | D:11     | Noticed Urug
 11573 | D:11     | Killed Urug
 11573 | D:11     | Reached skill level 10 in Fighting
 11943 | D:10     | Found a staircase to the Lair.
 12016 | D:10     | Reached skill level 5 in Invocations
 12106 | D:10     | Reached skill level 12 in Unarmed Combat
 12493 | D:10     | Found Firarrixy's Antique Armour Boutique.
 12558 | Lair:1   | Entered Level 1 of the Lair of Beasts
 12654 | Lair:1   | Noticed Sonja
 12656 | Lair:1   | Noticed Harold
 12671 | Lair:1   | Cast into level 2 of the Abyss (Sonja)
 12713 | Abyss:2  | Noticed a starcursed mass
 12730 | Abyss:2  | Paralysed by accursed screaming for 2 turns
 12740 | Abyss:2  | Paralysed by accursed screaming for 2 turns
 12741 | Abyss:2  | Killed from afar by a starcursed mass

Vault maps used:
D:1:      tarquinn_simple_flora_water_d
D:2:      wad_woods_stonehenge, uniq_terence
D:3:      old_standard_altar, due_unseen_surprise
D:4:      serial_forest, infiniplex_forest_end_2, infiniplex_forest_lined_2,
          infiniplex_forest_end_double, infiniplex_forest_corner_1,
          infiniplex_forest_clump_small, infiniplex_forest_clump_diagonal,
          infiniplex_forest_lined_2, infiniplex_forest_lined_room_3, first_bread
D:5:      enter_ossuary_4
D:6:      serial_shops, shop, uniq_eustachio
D:7:      minmay_temple_entry_large_hall, grunt_livestock, uniq_pikel
D:8:      minmay_curly_fans, serial_shops, shop_statue, minivault_24,
          uniq_joseph
D:9:      hangedman_screamer, hiddenorc1_lemuel
D:10:     dpeg_lair_monsters, serial_shops, kennysheep_little_box,
          kennysheep_generic_room_14
D:11:     uniq_maurice, uniq_urug
D:12:     serial_shops, shop, nicolae_dithmenos_through_a_glass_darkly,
          uniq_maud
Temple:   grunt_circular_temple_18
Lair:1:   nicolae_volcano_entry_vermiform, uniq_sonja, uniq_harold, uniq_erica

Action                   |  1- 3 |  4- 6 |  7- 9 | 10-12 | 13-15 || total
-------------------------+-------+-------+-------+-------+-------++-------
Melee: Unarmed           |    96 |   185 |   248 |   255 |   283 ||  1067
       Dagger            |       |       |    62 |    40 |    18 ||   120
Throw: Tomahawk          |       |       |       |     3 |     2 ||     5
 Cast: Spider Form       |     1 |    10 |     5 |       |     2 ||    18
       Ice Form          |       |     1 |    11 |    20 |    14 ||    46
       Blade Hands       |       |       |       |     1 |     8 ||     9
 Abil: End Transformatio |       |       |     2 |       |     2 ||     4
  Use: Potion            |       |       |       |     8 |     1 ||     9
 Stab: Sleeping          |     4 |     3 |     7 |     3 |     3 ||    20
       Distracted        |       |       |     1 |       |     1 ||     2
  Eat: Chunk             |       |    12 |     7 |     7 |    13 ||    39
       Bread ration      |       |       |     1 |     1 |       ||     2
       Pizza             |       |       |     1 |       |       ||     1
       Royal jelly       |       |       |     1 |       |       ||     1
